AoeStats
← MrSlow

Arena

509910335Analyzed
1v1 RM · 2d ago on Sep 28, 2026· 54m 19s· 2 players
Game mode
Random Map
Map size
Tiny (2 player)
Population
200
Speed
Normal
Resources
Standard
Victory
Conquest
Starting age
Dark Age
Ending age
Imperial Age
RankedLock teamsTeams togetherTeam positionsShared explorationLock speedFull tech treeHidden civsTurbo modeCheats
Victory
Defeat
🇧🇬 Goths · Bulgaria
666
+18
🇪🇸 Franks · Spain
701
-42
MrSlow
12:19 Feudal Age
13:37 Town Watch
14:31 Double-Bit Axe
19:33 Loom
23:45 Castle Age
27:19 Town Patrol
31:40 Murder Holes
32:48 Bow Saw
34:29 Ballistics
33:56 Light Cavalry
34:41 Husbandry
39:34 Imperial Age
43:16 Heavy Scorpion
45:39 Chemistry
49:55 Two-Man Saw
kriegtrader
17:32 Feudal Age
24:35 Castle Age
24:31 Town Watch
28:41 Town Patrol
29:04 Murder Holes
29:30 Ballistics
29:16 Crossbowman
35:31 Imperial Age
38:13 Husbandry
37:33 Cavalier
37:35 Light Cavalry
41:31 Chivalry
44:47 Chemistry
43:39 Arrowslits
46:53 Cranequins
46:54 Heavy Mounted Crossbowman
Connection lost

Rejoining the realm…

Still unreachable

The connection could not be restored.

Session expired

The server has moved on; the page needs a fresh start.